 Dungeon Crawl Stone Soup version 0.31-a0-1476-g8a4046af8c (webtiles) character file.

Game seed: 1594995509280017870

172 Ivernyr the Shield-Bearer (level 5, -1/42 HPs)
             Began as a Formicid Fighter on Dec 29, 2023.
             Slain by Edmund
             ... wielding a +2 flail of pain
              (8 damage)
             ... on level 4 of the Dungeon.
             The game lasted 00:06:19 (2179 turns).

Ivernyr the Shield-Bearer (Formicid Fighter)        Turns: 2179, Time: 00:06:19

Health: -1/42      AC:  7    Str: 22    XL:     5   Next: 82%
Magic:  5/5        EV:  9    Int:  8    God:
Gold:   136        SH:  5    Dex: 13    Spells: 4/4 levels left

rFire   . . .        a - +0 quarterstaff
rCold   . . .        c - +0 buckler
rNeg    . . .        b - +0 scale mail
rPois   .            (helmet unavailable)
rElec   .            (no cloak)
rCorr   .            (no gloves)
SInv    +            (no boots)
Will    .....        (no amulet) Stlth
                     (no ring)
HPRegen 0.27/turn    (no ring)
MPRegen 0.09/turn

%: no passive effects
@: mighty
A: permanent stasis, dig shafts and tunnels, antennae 3, four strong arms
a: Dig, Shaft Self


You were on level 4 of the Dungeon.
You visited 1 branch of the dungeon, and saw 4 of its levels.

You collected 136 gold pieces.

Inventory:

Hand Weapons
 a - a +0 quarterstaff (weapon)
Armour
 b - a +0 scale mail (worn)
 c - a +0 buckler (worn)
Scrolls
 e - 2 scrolls of amnesia {unknown}
 f - a scroll of revelation {unknown}
 h - a scroll of blinking {unknown}
 i - 3 scrolls of teleportation {unknown}
 l - a scroll of poison {unknown}
 o - a scroll of identify {unknown}
Potions
 d - 2 potions of might
 g - a potion of attraction {unknown}
 j - 2 potions of enlightenment {unknown}
 k - 2 potions of curing {unknown}
 m - a potion of degeneration {unknown}
 n - a potion of cancellation {unknown}
 p - a potion of resistance {unknown}


   Skills:
 + Level 4.1 Fighting
 * Level 3.8 Staves
 + Level 4.1 Armour
 + Level 5.0 Shields


You had 4 spell levels left.
You didn't know any spells.
Your spell library contained the following spells:

 Spells                   Type           Power      Damage    Failure   Level
 Sting                    Conj/Alch      0%         1d3       80%         1
 Mercury Vapours          Alch/Air       0%         N/A       90%         2
 Olgreb's Toxic Radiance  Alch           0%         N/A       100%        4


Dungeon Overview and Level Annotations

Branches:
Dungeon (4/15)
 Temple: D:4-7

Altars:

Annotations:
D:4 Edmund


Innate Abilities, Weirdness & Mutations

You cannot be hasted, slowed, berserked, paralysed or teleported.
You can dig through walls and to a lower floor.
You have a pair of large antennae on your head. (SInv)
Your four strong arms can wield two-handed weapons with a shield.


Message History

You block Edmund's attack. Edmund closely misses you.
You hit Edmund but do no damage.
Edmund is lightly wounded.
Edmund hits you but does no damage.
You hit Edmund but do no damage.
Edmund is lightly wounded.
Edmund hits you with a +2 flail of pain.
You hit Edmund.
Edmund is moderately wounded.
Edmund hits you with a +2 flail of pain.
You writhe in agony.
You hit Edmund but do no damage.
Edmund is moderately wounded.
Edmund barely misses you.
You closely miss Edmund.
Edmund is moderately wounded.
Edmund hits you with a +2 flail of pain!
You writhe in agony.
Edmund hits you with a +2 flail of pain.
You writhe in agony.
You hit Edmund.
Edmund is moderately wounded.
Edmund hits you with a +2 flail of pain.
* * * LOW HITPOINT WARNING * * *
You feel very mighty all of a sudden.
Edmund hits you with a +2 flail of pain.
* * * LOW HITPOINT WARNING * * *
You writhe in agony.
* * * LOW HITPOINT WARNING * * *
You thump Edmund!
Edmund is severely wounded.
You block Edmund's attack.
You thump Edmund!
Edmund is almost dead.
Edmund hits you but does no damage.
You closely miss Edmund.
Edmund is almost dead.
Edmund hits you with a +2 flail of pain!
You die...
Edmund says, "I'd like to see a scythe do that!"

#.....#...#
#.....
#.....'..##
#..... #....##..#
#.....##....##..#
#.....#....##..#
##.....#......).#
#......#........#
#......#.........
#.....J@@........
##....##....##..
#.... #....# ..
....... ......#
....... ......#
..............#
.......>......#
..............+


You could see Edmund and an endoplasm.

Vanquished Creatures
  A hound (D:3)
  3 gnolls
  3 adders
  4 worms
  3 dart slugs
  4 orcs
  5 ball pythons
  2 endoplasms
  2 giant cockroaches
  5 goblins
  6 hobgoblins
  10 kobolds
  2 quokkas
  8 bats
  3 frilled lizards
  6 rats
67 creatures vanquished.

Notes
Turn   | Place    | Note
-------+----------+-------------------------------------------
     0 | D:1      | Ivernyr the Formicid Fighter began the quest for the Orb.
     0 | D:1      | Reached XP level 1. HP: 18/18 MP: 1/1
    28 | D:1      | Found a faded altar of an unknown god.
    88 | D:1      | Reached XP level 2. HP: 24/24 MP: 2/2
   170 | D:1      | Reached XP level 3. HP: 17/29 MP: 3/3
   660 | D:2      | Reached XP level 4. HP: 37/37 MP: 4/4
  1324 | D:3      | Reached XP level 5. HP: 37/42 MP: 5/5
  1621 | D:3      | Reached skill level 5 in Shields
  2159 | D:4      | Noticed Edmund
  2179 | D:4      | Slain by Edmund

Illustrated notes

Levels and vault maps discovered:
D:1:      dpeg_arrival_fog, layout_rooms, hellmonk_ecumenical_altar_run_dry,
          chequers_serial_rivers_large_b
D:2:      layout_basic, serial_rivers, chequers_serial_rivers_small_a,
          chequers_serial_rivers_micro_b, chequers_serial_rivers_micro_c,
          chequers_serial_rivers_marsh
D:3:      layout_basic, item_on_display_a
D:4:      layout_gridville, minitemple, uniq_edmund

Skill      XL: |  1  2  3  4  5 |
---------------+----------------+-----
Staves         | 3 |  3.8
Fighting       | 4 |  4.1
Armour         | 4 |  4.1
Shields        | 5 |  5.0

Action                     |  1- 3 |  4- 6 || total
---------------------------+-------+-------++-------
  Melee: Quarterstaff      |    86 |   123 ||   209
    Use: Potion            |       |     1 ||     1
 Armour: Scale mail        |    72 |    90 ||   162
  Dodge: Dodged            |    50 |    44 ||    94
  Block: Buckler           |    40 |    31 ||    71

Table legend: (Time is in decaauts)
 A = Elapsed time spent in this place.
 B = Non-inter-level travel time spent in this place.
 C = Inter-level travel time spent in this place.
 D = Time resting spent in this place.
 E = Time spent auto-exploring this place.
 F = Levels seen in this place.
 G = Mean time per level.
                   A        B        C        D        E       F      G
               +--------+--------+--------+--------+--------+-----+--------+
         Total |   2249 |   2211 |     38 |    265 |   1453 |   4 |  562.2 |
       Dungeon |   2249 |   2211 |     38 |    265 |   1453 |   4 |  562.2 |
               +--------+--------+--------+--------+--------+-----+--------+

Top non-repeatable levels by time:
     D:3: 800 daAuts
     D:2: 776 daAuts
     D:1: 577 daAuts
     D:4: 94 daAuts
